 Dungeon Crawl Stone Soup version 0.27-a0-650-g8dd3ea4f36 (webtiles) character file.

Game seed: 13636432749165119142

1761 jestyr24 the Fighter (level 8, -10/80 HPs)
             Began as a Minotaur Fighter on Mar 16, 2021.
             Was an Initiate of Gozag.
             Mangled by an orc
             ... wielding a +1 falchion of electrocution
              (20 damage)
             ... on level 6 of the Dungeon.
             The game lasted 00:30:37 (6965 turns).

jestyr24 the Fighter (Minotaur Fighter)             Turns: 6965, Time: 00:30:37

Health: -10/80     AC: 11    Str: 24      XL:     8   Next: 79%
Magic:  7/7        EV:  8    Int:  5      God:    Gozag
Gold:   364        SH: 10    Dex:  7 (9)  Spells: 7/7 levels left

rFire    . . .     SeeInvis .   a - +1 long sword
rCold    . . .     Faith    .   c - +0 kite shield
rNeg     . . .     Spirit   .   b - +0 scale mail
rPois    .         Reflect  .   h - +1 hat
rElec    .         Harm     .   (no cloak)
rCorr    .         Rampage  .   (no gloves)
Will     .....                  p - +2 pair of boots
Stlth    ..........             (no amulet)
HPRegen  0.23/turn              (no ring)
MPRegen  0.10/turn              (no ring)

@: gold aura
A: horns 2, retaliatory headbutt
a: Renounce Religion, Potion Petition, Call Merchant, Bribe Branch


You were on level 6 of the Dungeon.
You worshipped Gozag.
Gozag was aware of your devotion.
You visited 2 branches of the dungeon, and saw 7 of its levels.
You also visited: Sewer.

You collected 465 gold pieces.
You paid 101 gold pieces to Gozag.

Inventory:

Hand Weapons
 a - a +1 long sword (weapon)
 i - a +2 rapier of flaming
 s - a +2 antimagic short sword
 t - a +0 morningstar
 w - a +1 rapier of protection
 B - a +1 dagger of pain
Missiles
 g - 27 poisoned darts (quivered)
Armour
 b - a +0 scale mail (worn)
 c - a +0 kite shield (worn)
 h - a +1 hat (worn)
 p - a +2 pair of boots (worn)
Wands
 A - a wand of paralysis (4)
Scrolls
 e - a scroll of immolation {unknown}
 f - 2 scrolls of noise {unknown}
 k - a scroll of amnesia {unknown}
 l - 3 scrolls of teleportation {unknown}
 m - 3 scrolls of identify
 o - a scroll of enchant armour {unknown}
 r - 3 scrolls of fog {unknown}
 u - 4 scrolls of blinking {unknown}
 v - a scroll of magic mapping {unknown}
 y - 3 scrolls of fear {unknown}
Potions
 d - 4 potions of might
 j - a potion of lignification
 q - a potion of ambrosia {unknown}
 x - 5 potions of heal wounds
 z - 3 potions of magic {unknown}
 C - a potion of haste {unknown}


   Skills:
 + Level 10.4 Fighting
 - Level 6.1 Long Blades
 - Level 0.1 Throwing
 - Level 5.6 Armour
 - Level 2.5 Dodging
 - Level 0.3 Stealth
 - Level 6.1 Shields


You had 7 spell levels left.
You didn't know any spells.
Your spell library contained the following spells:

 Spells                   Type           Power      Damage    Failure   Level
 Foxfire                  Conj/Fire      0%         2x1d4     98%         1
 Conjure Flame            Conj/Fire      0%         6-21      100%        3
 Inner Flame              Hex/Fire       0%         N/A       100%        3
 Sticky Flame             Conj/Fire      0%         2d3       100%        4
 Fireball                 Conj/Fire      0%         3d3       100%        5


Dungeon Overview and Level Annotations

Branches:
Dungeon (6/15)             Temple (1/1) D:5           Sewer (visited)

Altars:
Ashenzari
Cheibriados
Dithmenos
Elyvilon
Fedhas
Gozag
Hepliaklqana
Kikubaaqudgha
Makhleb
Nemelex Xobeh
Qazlal
Ru
Trog
Uskayaw
Vehumet
Wu Jian
Xom
Yredelemnul
Zin
The Shining One


Innate Abilities, Weirdness & Mutations

You have a pair of horns on your head.
You reflexively headbutt those who attack you in melee.


Message History

You are electrocuted!!
The orc wizard casts a spell at you. The magic dart hits you.
You barely miss the orc.
You feel less confused. You block the orc's attack.
The orc hits you with a +1 falchion of electrocution.
The orc wizard barely misses you. You block the orc's attack.
The orc hits you but does no damage.
You closely miss the orc wizard. Your headbutt misses the orc wizard.
The orc wizard is severely wounded.
The orc wizard casts a spell at you. The puff of flame hits you!
* * * LOW HITPOINT WARNING * * *
The orc hits you but does no damage.
The orc hits you with a +1 falchion of electrocution.
* * * LOW HITPOINT WARNING * * *
The orc wizard hits you but does no damage.
You miss the orc wizard.
The orc wizard is severely wounded.
You block the orc's attack. The orc hits you but does no damage.
The orc wizard casts a spell at you. You resist with some effort.
Unknown command.
You hit the orc wizard.
The orc wizard is almost dead.
You block the orc's attack. x2
The orc wizard points at itself and mumbles some strange words.
The orc wizard flickers and vanishes!
Deactivating autopickup; reactivate with Ctrl-A.
You barely miss something. You headbutt something.
Reactivating autopickup.
You feel a bit more experienced. The orc hits you but does no damage.
The orc hits you with a +1 falchion of electrocution!
* * * LOW HITPOINT WARNING * * *
The orc hits you with a +0 short sword.
* * * LOW HITPOINT WARNING * * *
The orc hits you but does no damage.
You are electrocuted!!
You die...
Your body crumbles into a pile of gold.

..... ##.....o.....#.###
#@.... ##................#
#......##........#..#...###
#..............#o.......##
.....##.............#....##
....###.....##.....###....#
.....##..........o.##.....#
.....#..[.###..##o#...#..##
.........###...#@$#...#..#
....[....# #...o....#....#
.o..).#### ##.......#....#
.....## ##.........###
o###.# ##......### .# ###
###...## ## #....# . #.....
[ ##.....


You could see 3 orcs.

Vanquished Creatures
  Prince Ribbit (D:6)
  Eustachio (D:6)
  A sky beast (D:6)
  An ogre (D:5)
  A centaur (D:5)
  A phantom (D:5)
  4 bullfrogs
  A scorpion (D:6)
  A centaur zombie (D:5)
  A bullfrog zombie (D:5)
  A quasit (D:5)
  3 centaur skeletons (D:4)
  A jelly (D:6)
  2 orc priests
  2 hounds
  An iguana (D:5)
  5 orc wizards
  3 worker ants
  9 adders
  5 river rats
  A shadow imp (D:4)
  A white imp (D:5)
  An ufetubus (D:5)
  2 oozes
  An adder skeleton (D:5)
  An adder zombie (D:5)
  3 worms
  A leopard gecko (D:3)
  9 orcs
  12 ball pythons
  6 giant cockroaches
  2 gnoll zombies (D:4)
  10 goblins
  7 hobgoblins
  4 jackals (D:1)
  A quokka (D:6)
  8 bats
  10 frilled lizards
  2 jackal skeletons
  8 kobolds
  A leopard gecko skeleton (D:4)
  A leopard gecko zombie (D:5)
  33 rats
170 creatures vanquished.

Notes
Turn   | Place    | Note
-------+----------+-------------------------------------------
     0 | D:1      | jestyr24 the Minotaur Fighter began the quest for the Orb.
     0 | D:1      | Reached XP level 1. HP: 19/19 MP: 0/0
   168 | D:1      | Reached XP level 2. HP: 27/27 MP: 1/1
   616 | D:1      | Reached skill level 4 in Fighting
   616 | D:1      | Reached XP level 3. HP: 30/33 MP: 2/2
   970 | D:2      | Found a burning altar of Makhleb.
   979 | D:2      | Reached XP level 4. HP: 33/40 MP: 3/3
  1595 | D:3      | Found an opulent altar of Gozag.
  1674 | D:3      | Found a white marble altar of Elyvilon.
  1693 | D:3      | Noticed a bullfrog
  1703 | D:3      | Killed a bullfrog
  1704 | D:3      | Reached skill level 1 in Dodging
  1704 | D:3      | Reached XP level 5. HP: 21/46 MP: 4/4
  2100 | D:3      | Found a broken altar of Ashenzari.
  2689 | D:4      | Reached XP level 6. HP: 28/53 MP: 5/5
  2837 | D:4      | Reached skill level 5 in Long Blades
  2837 | D:4      | Reached skill level 5 in Armour
  2837 | D:4      | Reached skill level 5 in Shields
  2929 | D:4      | Found a bloodstained altar of Trog.
  3060 | D:4      | Found a glowing drain.
  3084 | Sewer    | Entered a sewer
  3638 | Sewer    | Reached XP level 7. HP: 46/60 MP: 6/6
  4408 | D:4      | Found a basalt altar of Yredelemnul.
  4535 | D:5      | Entered Level 5 of the Dungeon
  4624 | D:5      | Found a blossoming altar of Fedhas.
  4669 | D:5      | Reached skill level 5 in Fighting
  4948 | D:5      | Reached skill level 6 in Fighting
  5003 | D:5      | Found a radiant altar of Vehumet.
  5129 | D:5      | Found a staircase to the Ecumenical Temple.
  5135 | Temple   | Entered the Ecumenical Temple
  5718 | D:5      | Reached skill level 7 in Fighting
  5718 | D:5      | Reached XP level 8. HP: 59/73 MP: 7/7
  6279 | D:3      | Became a worshipper of Gozag Ym Sagoz the Greedy
  6444 | D:6      | Noticed Prince Ribbit
  6451 | D:6      | Killed Prince Ribbit
  6452 | D:6      | Reached skill level 8 in Fighting
  6472 | D:6      | Reached skill level 9 in Fighting
  6714 | D:6      | Noticed Eustachio
  6761 | D:6      | Killed Eustachio
  6762 | D:6      | Reached skill level 10 in Fighting
  6965 | D:6      | Mangled by an orc

Illustrated notes

Levels and vault maps discovered:
D:1:      elethiomel_arrival_quiet, layout_basic
D:2:      layout_basic, makhleb_blood_cavern_becter
D:3:      layout_basic, grunt_gozag_breadcrumbs, nicolae_overflow_crystal_walls,
          cheibrodos_ashenzari_chains
D:4:      minmay_general_purpose_star, layout_loops_cross, trog_antimagical,
          lemuel_zombie_altar_yredelemnul, portal_sewer_entry_a,
          minmay_hedge_maze, hangedman_decor_growths
D:5:      layout_basic, old_standard_altar, minmay_temple_entry_tees,
          basic_altar
D:6:      layout_cave_pools, serial_glass, glass_columns_a, glass_columns_a,
          feat_on_display, due_unseen_surprise, uniq_eustachio,
          uniq_prince_ribbit1
Temple:   regret_index_temple_generic_petals

Skill      XL: |  1  2  3  4  5  6  7  8 |
---------------+-------------------------+-----
Shields        | 4 5 6 |  6.1
Long Blades    | 3 4 5 6 |  6.1
Fighting       | 4 7 10 | 10.4
Armour         | 4 5 |  5.6
Dodging        | 1 2 |  2.5
Throwing       | |  0.1
Stealth        | |  0.3

Action                   |  1- 3 |  4- 6 |  7- 9 || total
-------------------------+-------+-------+-------++-------
Melee: Long sword        |    67 |   204 |   184 ||   455
       Headbutt          |    14 |    39 |    42 ||    95
Throw: Dart              |       |       |     4 ||     4
  Use: Scroll            |       |       |     2 ||     2
       Potion            |       |       |     3 ||     3
Armor: Scale mail        |    47 |   105 |   145 ||   297
       Skin              |       |       |    10 ||    10
Dodge: Dodged            |    27 |    88 |    68 ||   183
Block: Kite shield       |    51 |   160 |   131 ||   342
       Rpst.: Long sword |     9 |    16 |    17 ||    42

Table legend: (Time is in decaauts)
 A = Elapsed time spent in this place.
 B = Non-inter-level travel time spent in this place.
 C = Inter-level travel time spent in this place.
 D = Time resting spent in this place.
 E = Time spent auto-exploring this place.
 F = Levels seen in this place.
 G = Mean time per level.
                   A        B        C        D        E       F      G
               +--------+--------+--------+--------+--------+-----+--------+
         Total |   7174 |   6420 |    754 |    923 |   3358 |   8 |  896.8 |
       Dungeon |   5994 |   5378 |    616 |    506 |   3194 |   6 |  999.0 |
        Temple |    362 |    224 |    138 |      0 |    164 |   1 |  362.0 |
         Sewer |    817 |    817 |      0 |    417 |      0 |   1 |  817.0 |
               +--------+--------+--------+--------+--------+-----+--------+

Top non-repeatable levels by time:
     D:4: 1413 daAuts
     D:5: 1276 daAuts
     D:3: 1163 daAuts
     D:1: 833 daAuts
   Sewer: 817 daAuts
     D:2: 739 daAuts
     D:6: 568 daAuts
  Temple: 362 daAuts
